 Dungeon Crawl Stone Soup version 0.19.0-11-g3fc08b3 (webtiles) character file.

31 MovingMist the Skirmisher (level 3, 0/24 HPs)
             Began as a Gargoyle Fighter on Nov 9, 2016.
             Killed by nerve-wracking pain
             ... invoked by a shadow imp
             ... summoned by Natasha
              (5 damage)
             ... on level 2 of the Dungeon.
             The game lasted 00:02:31 (897 turns).

MovingMist the Skirmisher (Gargoyle Fighter)         Turns: 897, Time: 00:02:31

Health: 0/24       AC: 10    Str: 19    XL:     3   Next: 22%
Magic:  3/3        EV:  7    Int:  8    God:
Gold:   73         SH:  9    Dex: 10    Spells: 0 memorised, 2 levels left

rFire  . . .     SeeInvis .     a - +0 flail
rCold  . . .     Gourm    .     b - +0 scale mail
rNeg   + . .     Faith    .     c - +0 shield
rPois  ∞         Spirit   .     (no helmet)
rElec  +         Reflect  .     (no cloak)
rCorr  .         Harm     .     (no gloves)
MR     .....                    (no boots)
Stlth  ..........               (no amulet)
                                (no ring)
                                (no ring)

@: no status effects
A: negative energy resistance 1, electricity resistance, unbreathing,
petrification resistance, rot immunity, AC +3
a: no special abilities


You were on level 2 of the Dungeon.
You were not hungry.

You visited 1 branch of the dungeon, and saw 2 of its levels.

You collected 73 gold pieces.

Inventory:

Hand Weapons
 a - a +0 flail (weapon)
Armour
 b - a +0 scale mail (worn)
 c - a +0 shield (worn)
Scrolls
 e - a scroll of enchant armour {unknown}
 h - a scroll of teleportation {unknown}
 i - a scroll of enchant weapon {unknown}
Potions
 d - a potion of might
Comestibles
 f - a bread ration


   Skills:
 * Level 4.0 Fighting
 + Level 2.3 Maces & Flails
 - Level 3.2 Armour
 + Level 0.4 Dodging
 + Level 3.6 Shields


You had 2 spell levels left.
You didn't know any spells.

Dungeon Overview and Level Annotations

Branches:
Dungeon (2/15)

Altars:

Annotations:
D:2 Natasha


Innate Abilities, Weirdness & Mutations

You are resistant to torment.
Your stone body is resilient. (AC +3)
You are immune to poison.
You resist negative energy. (rN+)
You are resistant to electric shocks. (rElec)
You can survive without breathing.
You are immune to petrification.
You are immune to rotting.


Message History

You block the shadow imp's attack. Natasha barely misses you.
Found a puce potion.
You miss Natasha.
The shadow imp shouts, "Away with thee, thou loggerheaded common-kissing mish-mash!"
You block the shadow imp's attack.
Natasha casts a spell.
The shadow imp gestures at you.
You barely resist.
Your scale mail prevents you from hitting Natasha.
Natasha claws you. The shadow imp barely misses you.
The shadow imp hits you but does no damage.
You block the white imp's attack. Natasha barely misses you.
Your shield and scale mail prevent you from hitting Natasha.
The shadow imp hits you but does no damage.
You block the shadow imp's attack. The white imp hits you.
The white imp freezes you.
* * * LOW HITPOINT WARNING * * *
Natasha claws you but does no damage. The shadow imp gestures at you.
Pain shoots through your body!
You die...

##### ##...##
##.....#####
#..........#
#....5><...#
#...@h.....#
##..55.....#
#....$..###
#.........#
#...........
#......!....<
##.....###..#
##.!.## ..


You could see Natasha, a white imp and 2 shadow imps.

Vanquished Creatures
  A worm (D:2)
  A dart slug (D:1)
  A ball python (D:1)
  5 bats (D:1)
  A giant cockroach (D:1)
  3 goblins (D:1)
  2 hobgoblins (D:1)
  A jackal (D:1)
  4 kobolds (D:1)
  2 frilled lizards (D:1)
  5 rats (D:1)
26 creatures vanquished.

Vanquished Creatures (others)
  A kobold (D:1)
1 creature vanquished.

Grand Total: 27 creatures vanquished

Notes
Turn   | Place    | Note
-------+----------+-------------------------------------------
     0 | D:1      | MovingMist the Gargoyle Fighter began the quest for the Orb.
     0 | D:1      | Reached XP level 1. HP: 14/14 MP: 1/1
    72 | D:1      | Reached XP level 2. HP: 10/19 MP: 2/2
   565 | D:1      | Reached XP level 3. HP: 22/24 MP: 3/3
   880 | D:2      | Noticed Natasha
   891 | D:2      | Reached skill level 4 in Fighting
   897 | D:2      | Killed from afar by a shadow imp

Skill      XL: |  1  2  3 |
---------------+----------+-----
Fighting       | 4 |  4.0
Maces & Flails | |  2.3
Armour         | |  3.2
Dodging        | |  0.4
Shields        | |  3.6

Action                   || total
-------------------------++-------
Melee: Flail             ||    92
Armor: Scale mail        ||    56
Dodge: Dodged            ||    38
Block: Shield            ||    57
